 Dungeon Crawl Stone Soup version 0.27.0-1-g7a089689b8 (webtiles) character file.

Game seed: 6703129785358953207

393 Leibowitz the Cutter (level 7, -5/66 HPs)
             Began as a Kobold Berserker on Aug 6, 2021.
             Was a Believer of Trog.
             Slain by an ogre (28 damage)
             ... on level 4 of the Dungeon.
             The game lasted 00:08:00 (4433 turns).

Leibowitz the Cutter (Kobold Berserker)             Turns: 4433, Time: 00:08:00

Health: -5/66      AC:  2    Str: 15    XL:     7   Next: 8%
Magic:  7/7        EV: 16    Int:  8    God:    Trog [**....]
Gold:   171        SH:  0    Dex: 16    Spells: 6/6 levels left

rFire    . . .     SeeInvis .   a - +4 short sword
rCold    . . .     Faith    .   (shield restricted)
rNeg     + . .     Spirit   .   b - +0 animal skin
rPois    .         Reflect  .   (no helmet)
rElec    .         Harm     .   j - scarf {shadows}
rCorr    .         Rampage  .   (no gloves)
Will     ++...                  (no boots)
Stlth    ..........             (no amulet)
HPRegen  1.21/turn              m - ring of positive energy
MPRegen  0.10/turn              (no ring)

@: berserking, strong-willed, regenerating, very quick
A: small, no large weapons, nightstalker 3
a: Renounce Religion, Berserk, Trog's Hand


You were on level 4 of the Dungeon.
You worshipped Trog.
Trog was pleased with you.
You visited 1 branch of the dungeon, and saw 4 of its levels.

You collected 171 gold pieces.

Inventory:

Hand Weapons
 a - a +4 short sword (weapon)
 o - a +5 spectral quarterstaff
Missiles
 n - 8 atropa-tipped darts (quivered)
Armour
 b - a +0 animal skin (worn)
 d - a +0 cloak
 j - a scarf of shadows (worn)
Jewellery
 m - a ring of positive energy (left hand)
Scrolls
 c - 2 scrolls of holy word {unknown}
 g - a scroll of noise {unknown}
 h - 3 scrolls of amnesia {unknown}
 i - a scroll of fog {unknown}
 k - a scroll of identify {unknown}
Potions
 e - a potion of might {unknown}
 f - 4 potions of curing {unknown}
 l - a potion of invisibility {unknown}


   Skills:
 * Level 4.4 Fighting
 * Level 6.3 Short Blades
 + Level 1.7 Armour
 * Level 3.8 Dodging
 * Level 5.6 Stealth


You had 6 spell levels left.
You didn't know any spells.
Your spell library was empty.

Dungeon Overview and Level Annotations

Branches:
Dungeon (4/15)
 Temple: D:4-7

Altars:
Hepliaklqana
Kikubaaqudgha
Uskayaw

Shops:
D:1 *

Annotations:
D:4 2 transporters, 4 runed translucent doors, chipmonk's ghost, amateur TrHu


Innate Abilities, Weirdness & Mutations

You are small and have problems with some larger weapons.
You are completely attuned to the shadows.


Message History

Trog accepts your kill.
Things that are here:
a ball python corpse; a hobgoblin corpse You hit the ogre.
The ogre is lightly wounded.
The ogre hits you with a +0 giant spiked club!!
Ouch! That really hurt!
* * * LOW HITPOINT WARNING * * *
You barely miss the ogre.
The ogre is lightly wounded.
The ogre misses you.
There is an open door here.
A jackal comes into view.
Found a ring mail.
The jackal barks!
You hear a bark! x2
A black bear comes into view.
A jackal comes into view.
The jackal misses you.
Your skin crawls.
You feel strong-willed. The jackal misses you. The jackal misses you.
The jackal barely misses you.
A jackal comes into view.
The jackal bites you but does no damage.
A red film seems to cover your vision as you go berserk!
You feel yourself moving faster!
You feel mighty!
The jackal barks!
The jackal closely misses you.
You puncture the jackal!
You kill the jackal!
Trog accepts your kill.
You puncture the jackal!
You kill the jackal!
Trog accepts your kill.
The jackal bites you but does no damage.
The black bear bites you! The black bear claws you.
The black bear completely misses you.
The ogre hits you with a +0 giant spiked club!!
You die... 8

#.#.## #.##.#.#.# Z
.##...# ###.#†##.# ..
...###'# #'###..# .W
#©.........# #.....##
.. .#.........##8
8##.#### ..
.#.........#8. .8#.#
8.# .8#.........+..
..+.## #..
.##..##.#h#.+.. ..+..#
###
##...####@#.#8....8#..#
...
.....#..Oh..##8$:8##..#
...
....##.......######...#
#..
....##................#
..#
.[.#..............##.##
..#
#....................#
...
###.............######
... #..............#
... #....#.##


You could see a black bear, an ogre and a jackal.

Vanquished Creatures
  An orc warrior (D:4)
  A necrophage (D:3)
  A water moccasin skeleton (D:4)
  A gnoll shaman (D:4)
  4 adders
  3 worms
  4 dart slugs
  5 orcs
  4 endoplasms
  3 giant cockroaches
  7 goblins
  5 hobgoblins
  11 jackals
  2 quokkas
  7 ball pythons
  5 bats
  9 frilled lizards
  5 kobolds
  6 rats
84 creatures vanquished.

Vanquished Creatures (others)
  10 plants (D:3)
10 creatures vanquished.

Grand Total: 94 creatures vanquished

Notes
Turn   | Place    | Note
-------+----------+-------------------------------------------
     0 | D:1      | Leibowitz the Kobold Berserker began the quest for the Orb.
     0 | D:1      | Reached XP level 1. HP: 14/14 MP: 1/1
   237 | D:1      | Reached XP level 2. HP: 19/19 MP: 2/2
   432 | D:1      | Found Wowuism's General Store.
  1028 | D:2      | Reached skill level 1 in Stealth
  1028 | D:2      | Reached XP level 3. HP: 16/24 MP: 3/3
  1883 | D:2      | Reached XP level 4. HP: 29/29 MP: 4/4
  2095 | D:2      | Reached skill level 5 in Short Blades
  2101 | D:2      | Reached ** piety under Trog
  3214 | D:3      | Reached XP level 5. HP: 25/33 MP: 5/5
  3472 | D:3      | Found a hide-covered altar of Uskayaw.
  3481 | D:3      | Found an ancient bone altar of Kikubaaqudgha.
  3752 | D:3      | Found a hazy altar of Hepliaklqana.
  3786 | D:3      | Noticed a necrophage
  3789 | D:3      | Killed a necrophage
  3790 | D:3      | Reached XP level 6. HP: 38/38 MP: 6/6
  3881 | D:4      | Noticed an orc warrior
  3889 | D:4      | Killed an orc warrior
  3890 | D:4      | Reached skill level 6 in Short Blades
  3890 | D:4      | Reached skill level 5 in Stealth
  4147 | D:4      | Found a transporter.
  4147 | D:4      | Noticed chipmonk's ghost (amateur TrHu)
  4170 | D:4      | Found a transporter.
  4243 | D:4      | Found a large runed translucent door.
  4268 | D:4      | Reached XP level 7. HP: 32/44 MP: 7/7
  4364 | D:4      | Found a large runed translucent door.
  4383 | D:4      | Found a large runed translucent door.
  4384 | D:4      | Found a large runed translucent door.
  4397 | D:4      | Reached *** piety under Trog
  4433 | D:4      | Slain by an ogre

Illustrated notes

Levels and vault maps discovered:
D:1:      dpeg_arrival_pits, layout_loops_ring, serial_shops, shop_statue
D:2:      layout_loops_cross
D:3:      wad_lake_hut, layout_loops_cross, worldfamousw_hep_ancestral_shrine,
          mainiacjoe_overflow_swirl
D:4:      layout_cave_pools, gammafunk_ghost_arena,
          minmay_hollow_rounded_squares, uniq_crazy_yiuf_cottage

Skill      XL: |  1  2  3  4  5  6 |
---------------+-------------------+-----
Stealth        | 1 3 4 5 |  5.6
Short Blades   | 5 6 |  6.3
Fighting       | 4 |  4.4
Dodging        | 3 |  3.8
Armour         | |  1.7

Action                   |  1- 3 |  4- 6 |  7- 9 || total
-------------------------+-------+-------+-------++-------
Melee: Short sword       |   100 |   118 |    10 ||   228
Invok: Berserk           |       |     1 |     1 ||     2
       Trog's Hand       |       |       |     1 ||     1
 Stab: Sleeping          |    16 |    16 |     1 ||    33
       Distracted        |       |     2 |       ||     2
Armor: Animal skin       |     5 |    13 |     2 ||    20
Dodge: Dodged            |    48 |    85 |    10 ||   143
